 Dungeon Crawl Stone Soup version 0.13.0-21-ge43020b (webtiles) character file.

2180 Econoterrorist the Jinx (level 8, 0/36 HPs)
             Began as a Spriggan Enchanter on Oct 26, 2013.
             Was a Believer of Kikubaaqudgha.
             Shot with an arrow of flame by a centaur (7 damage)
             ... on Level 7 of the Dungeon.
             The game lasted 00:32:34 (6412 turns).

Econoterrorist the Jinx (Spriggan Enchanter)        Turns: 6412, Time: 00:32:35

HP   0/36        AC  9     Str  6      XL: 8   Next: 97%
MP  16/25        EV 18     Int 16      God: Kikubaaqudgha [**....]
Gold 249         SH  0     Dex 17      Spells:  7 memorised,  6 levels left

Res.Fire  : . . .   See Invis. : +   L - -1,+3 orc dagger (protect)
Res.Cold  : . . .   Warding    : .   b - +1 robe
Life Prot.: . . .   Conserve   : .   (shield restricted)
Res.Poison: .       Res.Corr.  : +   (helmet restricted)
Res.Elec. : .       Clarity    : .   h - +0 elf cloak
Sust.Abil.: . .     Spirit.Shd : .   (gloves unavailable)
Res.Mut.  : .       Stasis     : .   (boots unavailable)
Res.Rott. : .       Flight     : .   t - amulet of resist corrosion {unknown}
Saprovore : . . .                    (no ring)
                                     (no ring)

@: very quick, somewhat resistant to hostile enchantments, very stealthy
A: unfitting armour, see invisible, herbivore 3, speed 3, slow metabolism 2
a: Receive Corpses, Renounce Religion


You were on level 7 of the Dungeon.
You worshipped Kikubaaqudgha.
Kikubaaqudgha was pleased with you.
You were not hungry.

You visited 2 branches of the dungeon, and saw 8 of its levels.

You collected 229 gold pieces.

Inventory:

Hand weapons
 a - a +1,+1 dagger {=f}
 i - a +0,+0 short sword
 L - a -1,+3 orcish dagger of protection (weapon)
Missiles
 d - 12 darts (quivered)
Armour
 b - a +1 robe (worn)
 h - a +0 elven cloak (worn)
Magical devices
 e - a wand of hasting (1)
 A - a wand of random effects (13) {unknown}
Comestibles
 m - 2 chokos
 F - 2 bread rations
Scrolls
 f - 3 scrolls of enchant armour {unknown}
 g - 6 scrolls of remove curse {unknown}
 j - 4 scrolls of teleportation {unknown}
 p - a scroll of curse armour {unknown}
 q - 4 scrolls of identify {unknown}
 r - 4 scrolls of random uselessness {unknown}
 s - 5 scrolls of fear {unknown}
 x - 2 scrolls of blinking {unknown}
 y - 4 scrolls of magic mapping {unknown}
 H - a scroll of recharging {unknown}
 J - a scroll of summoning {unknown}
 K - a scroll of silence {unknown}
Jewellery
 n - an uncursed amulet of faith {unknown}
 t - an amulet of resist corrosion (around neck) {unknown}
Potions
 k - a potion of resistance {unknown}
 l - 3 potions of agility {unknown}
 o - 4 potions of magic {unknown}
 u - 2 potions of brilliance {unknown}
 v - a potion of restore abilities {unknown}
 w - 3 potions of paralysis {unknown}
 z - 3 potions of heal wounds {unknown}
 B - a potion of speed {unknown}
 C - a potion of slowing {unknown}
 D - a potion of flight {unknown}
 E - a potion of curing {unknown}
 G - 2 potions of porridge
 M - a potion of berserk rage {unknown}
Books
 c - a book of Maledictions

   Spells                             Type                      Level
   *Corona                            Hexes                        1
   Sure Blade                         Hexes/Charms                 2
   *Ensorcelled Hibernation           Hexes/Ice                    2
   *Confuse                           Hexes                        3
   Enslavement                        Hexes                        4
   Invisibility                       Hexes                        6
 I - Kikubaaqudgha's Papyrus of Black Rituals
   (Kikubaaqudgha gifted it to you on level 5 of the Dungeon)

   Spells                             Type                      Level
   *Pain                              Necromancy                   1
   *Lethal Infusion                   Charms/Necromancy            2
   *Sublimation of Blood              Necromancy                   2
   *Regeneration                      Charms/Necromancy            3
   Control Undead                     Necromancy                   4


   Skills:
 - Level 5.1 Short Blades
 - Level 1.1 Throwing
 - Level 3.0 Dodging
 - Level 5.0 Stealth
 - Level 6.5 Spellcasting
 + Level 8.2 Hexes
 - Level 3.0 Charms
 - Level 5.1 Necromancy


You had 6 spell levels left.
You knew the following spells:

 Your Spells              Type           Power        Failure   Level  Hunger
a - Corona                Hex            ####...      1%          1    None
b - Ensorcelled Hibernat  Hex/Ice        ###...       4%          2    None
c - Confuse               Hex            ####....     1%          3    ##.....
d - Lethal Infusion       Chrm/Necr      ###.......   4%          2    None
e - Pain                  Necr           ###.         1%          1    None
f - Sublimation of Blood  Necr           ###.......   2%          2    None
g - Regeneration          Chrm/Necr      ###.......   10%         3    ##.....


Dungeon Overview and Level Annotations

Branches:
Dungeon (7/27)             Temple (1/1) D:4
    Orc: D:6-11

Altars:
Ashenzari
Cheibriados
Elyvilon
Fedhas
Kikubaaqudgha
Makhleb
Nemelex Xobeh
Okawaru
Sif Muna
Trog
Vehumet
Xom
Yredelemnul
Zin
the Shining One

Annotations:
D:7 Menkaure


Innate Abilities, Weirdness & Mutations

You are tiny and cannot use many weapons and most armour.
You have supernaturally acute eyesight.
You are a herbivore.
You cover ground extremely quickly.
You need consume almost no food.


Message History

Kikubaaqudgha accepts your kill. Menkaure misses you.
You hit Menkaure.
Menkaure is heavily damaged.
You hit Menkaure.
Menkaure is heavily damaged.
Found 14 stones.
You hit Menkaure.
Menkaure is severely damaged.
The centaur seems less confused.
You hit Menkaure.
Menkaure is severely damaged.
The centaur wields an uncursed bow of flame.
It bursts into flame!
The centaur shoots an arrow of flame.
The arrow of flame hits you!
One of your 6 scrolls labeled PSIC QAXKIASCH catches fire!
* * * LOW HITPOINT WARNING * * *
The centaur shoots an arrow of flame.
The arrow of flame hits you!
You die...
Kikubaaqudgha rasps: "You have failed me!
Welcome... death!"

###########..#
............. ..[........
..........# #...# #...#
#############...#########
...c..M.$..^...(.........
(.......)@..(.............
........(.............####
##...................)#
#....................#
#....................#
#..).....................
........................
################..#####
#?.#


You could see Menkaure (confused) and a centaur.

Vanquished Creatures
  Grinder (D:5)
  An orc warrior (D:6)
  A phantom (D:4)
  An ice beast (D:5)
  A sky beast (D:5)
  3 ogres
  A centaur (D:7)
  Duvessa (D:4)
  The ghost of M4edhros the Sneak, a weakling OpAr (D:3)
  Dowan (D:4)
  5 crimson imps
  3 iguanas
  3 worker ants
  An orc priest (D:5)
  4 orc wizards
  A black bear skeleton (D:6)
  6 hounds
  Ijyb (D:4)
  Jessica (D:3)
  4 adders
  A giant mite (D:2)
  A worm (D:5)
  2 giant eyeballs
  2 giant geckos (D:4)
  2 oozes
  11 orcs
  A ball python (D:3)
  6 giant cockroaches
  13 goblins
  13 hobgoblins
  19 jackals
  5 quokkas
  11 bats
  A giant gecko skeleton (D:7)
  6 giant newts
  A goblin skeleton (D:5)
  A hobgoblin skeleton (D:4)
  A hobgoblin zombie (D:5)
  9 kobolds
  13 rats
  2 butterflies (D:4)
162 creatures vanquished.

Notes
Turn   | Place    | Note
--------------------------------------------------------------
     0 | D:1      | Econoterrorist, the Spriggan Enchanter, began the quest for the Orb.
     0 | D:1      | Reached XP level 1. HP: 9/9 MP: 4/4
     0 | D:1      | Noticed a spriggan zombie
     0 | D:1      | Noticed a dwarf
     0 | D:1      | Noticed a spriggan zombie
     4 | D:1      | Noticed a felid
     6 | D:1      | Noticed an octopode zombie
     8 | D:1      | Noticed a spriggan zombie
    10 | D:1      | Noticed a troll zombie
    13 | D:1      | Noticed a merfolk zombie
   338 | D:1      | Reached skill level 4 in Stealth
   344 | D:1      | Reached XP level 2. HP: 13/13 MP: 6/6
   789 | D:1      | Learned a level 2 spell: Ensorcelled Hibernation
   808 | D:1      | Reached skill level 5 in Stealth
  1149 | D:2      | Reached XP level 3. HP: 16/16 MP: 7/9
  1419 | D:2      | Learned a level 3 spell: Confuse
  2106 | D:3      | Reached XP level 4. HP: 10/21 MP: 7/13
  2146 | D:3      | Noticed M4edhros' ghost (weakling OpAr)
  2297 | D:3      | Killed M4edhros' ghost
  2362 | D:3      | Reached skill level 5 in Spellcasting
  2438 | D:3      | Noticed Jessica
  2446 | D:3      | Killed Jessica
  2446 | D:3      | Reached XP level 5. HP: 24/24 MP: 15/18
  2796 | D:4      | Noticed Ijyb
  2808 | D:4      | Killed Ijyb
  2933 | D:4      | Noticed a phantom
  2934 | D:4      | Noticed Dowan
  2935 | D:4      | Noticed Duvessa
  3140 | D:4      | Noticed an ogre
  3149 | D:4      | Killed an ogre
  3149 | D:4      | Reached skill level 6 in Spellcasting
  3189 | D:4      | Killed a phantom
  3189 | D:4      | Reached XP level 6. HP: 28/28 MP: 14/21
  3258 | D:4      | Killed Dowan
  3307 | D:4      | Killed Duvessa
  3329 | D:4      | Noticed an ogre
  3334 | D:4      | Killed an ogre
  3334 | D:4      | Reached XP level 7. HP: 27/32 MP: 15/23
  3353 | D:4      | Reached skill level 5 in Short Blades
  3414 | D:4      | Found a staircase to the Ecumenical Temple.
  3431 | Temple   | Entered the Ecumenical Temple
  3483 | Temple   | Became a worshipper of Kikubaaqudgha
  3684 | D:4      | Found a bloodstained altar of Trog.
  4207 | D:4      | Reached skill level 5 in Hexes
  4321 | D:5      | Entered Level 5 of the Dungeon
  4420 | D:5      | Acquired Kikubaaqudgha's first power
  4420 | D:5      | Received a gift from Kikubaaqudgha
  4421 | D:5      | Identified Kikubaaqudgha's Papyrus of Black Rituals (Kikubaaqudgha gifted it to you on level 5 of the Dungeon)
  4425 | D:5      | Learned a level 2 spell: Lethal Infusion
  4427 | D:5      | Learned a level 1 spell: Pain
  4430 | D:5      | Learned a level 2 spell: Sublimation of Blood
  4434 | D:5      | Learned a level 3 spell: Regeneration
  4439 | D:5      | Noticed Grinder
  4685 | D:5      | Reached skill level 1 in Necromancy
  4697 | D:5      | Paralysed by Grinder for 7 turns
  4722 | D:5      | Killed Grinder
  4722 | D:5      | Reached XP level 8. HP: 31/36 MP: 9/25
  4971 | D:5      | Reached skill level 5 in Necromancy
  5090 | D:5      | Reached skill level 1 in Charms
  5806 | D:6      | Paralysed by a giant eyeball for 4 turns
  5860 | D:6      | Found a bloodstained altar of Trog.
  5901 | D:6      | Acquired Kikubaaqudgha's second power
  5981 | D:6      | Reached skill level 7 in Hexes
  6377 | D:7      | Reached skill level 8 in Hexes
  6396 | D:7      | Noticed Menkaure
  6412 | D:7      | Shot with an arrow of flame by a centaur

Action                   |  1- 3 |  4- 6 |  7- 9 || total
-------------------------+-------+-------+-------++-------
Melee: Dagger            |   205 |    67 |   262 ||   534
 Cast: Ensorcelled Hiber |     3 |    21 |    88 ||   112
       Confuse           |       |     4 |    21 ||    25
       Lethal Infusion   |       |       |     1 ||     1
  Use: Scroll            |     1 |       |       ||     1
       Potion            |       |     1 |       ||     1
 Stab: Sleeping          |    13 |    14 |    62 ||    89
       Confused          |       |     5 |     7 ||    12
       Distracted        |       |     1 |     2 ||     3
